 Dungeon Crawl Stone Soup version 0.24-a0-509-ga1643a6 (webtiles) character file.

Game seed: 14720330513011596661

367 felt the Skirmisher (level 6, -1/56 HPs)
             Began as a Minotaur Fighter on July 18, 2019.
             Was an Initiate of Makhleb.
             Slain by a +6 rapier of chaos (15 damage)
             ... on level 6 of the Dungeon on July 19, 2019.
             The game lasted 00:09:59 (3984 turns).

felt the Skirmisher (Minotaur Fighter)              Turns: 3984, Time: 00:10:00

Health: -1/56      AC:  9    Str: 23    XL:     6   Next: 41%
Magic:  5/5        EV:  6    Int:  5    God:    Makhleb [......]
Gold:   190        SH:  9    Dex:  9    Spells: 5/5 levels left

rFire    . . .     SeeInvis .   a - +0 flail
rCold    . . .     Gourm    .   c - +0 shield
rNeg     . . .     Faith    .   w - +0 chain mail
rPois    .         Spirit   .   (helmet restricted)
rElec    .         Reflect  .   (no cloak)
rCorr    .         Harm     .   (no gloves)
MR       .....                  (no boots)
Stlth    ..........             (no amulet)
HPRegen  0.18/turn              x - ring of wizardry
MPRegen  0.09/turn              (no ring)

@: drained
A: retaliatory headbutt, horns 2
a: Renounce Religion


You were on level 6 of the Dungeon.
You worshipped Makhleb.
Makhleb was noncommittal.
You were not hungry.

You visited 1 branch of the dungeon, and saw 6 of its levels.

You collected 190 gold pieces.

Inventory:

Hand Weapons
 a - a +0 flail (weapon)
Missiles
 g - 4 boomerangs (quivered)
Armour
 c - a +0 shield (worn)
 w - a +0 chain mail (worn)
Jewellery
 x - a ring of wizardry (left hand)
Wands
 u - a wand of paralysis (9)
Scrolls
 e - 2 scrolls of fog
 h - 2 scrolls of magic mapping {unknown}
 k - 2 scrolls of teleportation {unknown}
 l - a scroll of noise {unknown}
 m - 2 scrolls of enchant weapon {unknown}
 s - 2 scrolls of identify
 v - a scroll of immolation {unknown}
Potions
 d - 2 potions of might
 i - a potion of agility {unknown}
 j - a potion of haste {unknown}
 n - a potion of berserk rage {unknown}
 p - a potion of heal wounds {unknown}
 q - a potion of curing
 r - a potion of ambrosia {unknown}
 t - a potion of flight {unknown}
Comestibles
 f - 9 rations


   Skills:
 * Level 5.6(4.8) Fighting
 * Level 4.8(3.9) Maces & Flails
 + Level 4.7(3.9) Armour
 + Level 2.2(1.4) Dodging
 + Level 4.7(3.8) Shields
 + Level 0.1(0.0) Invocations


You had 5 spell levels left.
You didn't know any spells.
Your spell library was empty.

Dungeon Overview and Level Annotations

Branches:
Dungeon (6/15)
 Temple: D:4-7

Altars:
Ashenzari
Gozag
Makhleb
Xom
The Shining One

Annotations:
D:6 ezpacito's ghost, novice DsGl


Innate Abilities, Weirdness & Mutations

You reflexively headbutt those who attack you in melee.
You have a pair of horns on your head.


Message History

Things that are here:
a +0 club; a +0 scale mail You open the door.
Ezpacito's ghost turns its malevolent gaze towards you.
Found 18 stones and 13 bolts.
Found a shimmering altar of Xom.
Found a runed translucent door.
There is an open door here.
You open the door. The +6 rapier of chaos hits you!
You feel drained.
You miss the +6 rapier of chaos.
The +6 rapier of chaos barely misses you.
You block the +6 rapier of chaos's attack.
You closely miss the +6 rapier of chaos.
Your headbutt misses the +6 rapier of chaos.
The +6 rapier of chaos hits you!
You feel drained.
The +6 rapier of chaos hits you but does no damage.
You miss the +6 rapier of chaos. The +6 rapier of chaos hits you.
* * * LOW HITPOINT WARNING * * *
You block the +6 rapier of chaos's attack.
You miss the +6 rapier of chaos. The +6 rapier of chaos hits you!
You die...

##+##
...#.....#
...#.....#
...#.....#
###..#.....#
##.#..#.....#
#._(..#....[#
#W#@##.....#
#####..#.))..#
#.(....'.....#
#......#<....#
#......#.....#
########.....#
#.....#
#.....+
+.....#


You could see a +6 rapier of chaos and ezpacito's ghost.

Vanquished Creatures
  A crimson imp (D:3)
  An orc wizard (D:3)
  Ijyb (D:4)
  6 worker ants
  3 gnolls (D:3)
  2 adders
  2 worms (D:3)
  3 dart slugs
  2 leopard geckos (D:4)
  11 orcs
  4 giant cockroaches
  4 goblins
  8 hobgoblins
  4 jackals (D:4)
  2 quokkas
  2 ball pythons
  3 bats
  3 frilled lizards
  5 kobolds
  6 rats
73 creatures vanquished.

Notes
Turn   | Place    | Note
-------+----------+-------------------------------------------
     0 | D:1      | felt the Minotaur Fighter began the quest for the Orb.
     0 | D:1      | Reached XP level 1. HP: 19/19 MP: 0/0
   290 | D:1      | Reached XP level 2. HP: 26/27 MP: 1/1
   523 | D:1      | Reached skill level 4 in Fighting
   926 | D:2      | Found a shattered altar of Ashenzari.
   985 | D:2      | Found a glowing golden altar of the Shining One.
  1369 | D:2      | Reached XP level 3. HP: 21/33 MP: 2/2
  1451 | D:2      | You fall into a shaft and drop 1 floor!
  1921 | D:3      | Reached skill level 1 in Dodging
  1977 | D:3      | Found an opulent altar of Gozag.
  2096 | D:3      | Reached XP level 4. HP: 41/41 MP: 3/3
  2168 | D:3      | Reached XP level 5. HP: 12/47 MP: 4/4
  2665 | D:3      | Reached skill level 5 in Fighting
  2831 | D:4      | Noticed Ijyb
  2945 | D:4      | Killed Ijyb
  2971 | D:4      | Reached XP level 6. HP: 54/56 MP: 5/5
  2972 | D:4      | Upgraded the game from 0.24-a0-507-g3e8b2426 to
                  | 0.24-a0-509-ga1643a6
  3777 | D:4      | Found a burning altar of Makhleb.
  3778 | D:4      | Noticed a green death
  3782 | D:4      | Noticed a ynoxinul
  3782 | D:4      | Noticed a smoke demon
  3784 | D:4      | Became a worshipper of Makhleb the Destroyer
  3951 | D:5      | Entered Level 5 of the Dungeon
  3976 | D:6      | Found a runed translucent door.
  3976 | D:6      | Found a shimmering altar of Xom.
  3976 | D:6      | Noticed a +6 rapier of chaos
  3976 | D:6      | Noticed ezpacito's ghost (novice DsGl)
  3984 | D:6      | Slain by a +6 rapier of chaos

Levels and vault maps discovered:
D:1:      lemuel_arrival_tunnels, layout_basic
D:2:      layout_basic, tso_metal_star, evilmike_ruin_ashenzari
D:3:      layout_basic, grunt_gozag_breadcrumbs
D:4:      layout_layer_cave, makhleb_altar_promises_db, first_ration, uniq_ijyb
D:5:      layout_loops_ring, lemuel_doored_altar,
          gammafunk_temple_overflow_pools, temple_green
D:6:      layout_gridville, kiku_gazebo_garden_becter, ebering_ghost_xom,
          uniq_crazy_yiuf_cottage, uniq_blork_the_orc

Skill      XL: |  1  2  3  4  5 |
---------------+----------------+-----
Fighting       | 4 5 |  5.6
Maces & Flails | 3 4 |  4.8
Dodging        | 1 2 |  2.2
Shields        | 4 |  4.7
Armour         | 4 |  4.7
Invocations    | |  0.1

Action                   |  1- 3 |  4- 6 || total
-------------------------+-------+-------++-------
Melee: Flail             |    99 |   121 ||   220
       Headbutt          |    10 |    24 ||    34
  Use: Potion            |       |     1 ||     1
       Scroll            |       |     2 ||     2
  Eat: Chunk             |     4 |     6 ||    10
Armor: Scale mail        |    22 |    40 ||    62
       Chain mail        |       |    12 ||    12
Dodge: Dodged            |    24 |    43 ||    67
Block: Shield            |    47 |    49 ||    96

Table legend:
 A = Non-vault XP
 B = Vault XP
 C = Vault XP percentage of total XP
 D = Non-vault monster count
 E = Vault monster count
 F = Vault count percentage of total count
                 A         B        C        D         E       F
            +---------+---------+-------+---------+---------+-------
      Total |     489 |      36 |   6.9 |      72 |       1 |   1.4
            +---------+---------+-------+---------+---------+-------
        D:1 |      25 |       0 |   0.0 |      15 |       0 |   0.0
        D:2 |      25 |       0 |   0.0 |       8 |       0 |   0.0
        D:3 |     233 |       0 |   0.0 |      30 |       0 |   0.0
        D:4 |     163 |      36 |  18.1 |      15 |       1 |   6.2
        D:6 |      43 |       0 |   0.0 |       4 |       0 |   0.0
            +---------+---------+-------+---------+---------+-------
